PBL
CHESTER PIRATES @ DETROIT RED WINGS
06/10/2048
 
TOP OF THE 1ST
Chester Pirates batting - Pitching for Detroit Red Wings : LHP Estêvão Cavadas
Pitching: LHP Estêvão Cavadas
Batting: RHB Edwardo Tanchez 0-0: Swinging Strike
0-1: Ball
1-1: Swinging Strike
1-2: Ball
2-2: Strikes out swinging
Batting: SHB Mike Corley 0-0: Ball
1-0: Foul Ball, location: 2F
1-1: Foul Ball, location: 2F
1-2: Ball
2-2: Fly out, F8 (Flyball, 8LXD, EV 87.5 MPH)
Batting: RHB Zach Chmieleski 0-0: Ball
1-0: Foul Ball, location: 2F
1-1: Foul Ball, location: 2F
1-2: Ball
2-2: Ground out 4-3 (Groundball, 6M, EV 77.5 MPH)
Top of the 1st over - 0 runs, 0 hits, 0 errors, 0 left on base; Chester 0 - Detroit 0
BOTTOM OF THE 1ST
Detroit Red Wings batting - Pitching for Chester Pirates : LHP Tommy Tallent
Pitching: LHP Tommy Tallent
Batting: LHB Duda Pinho 0-0: Ball
1-0: Ball
2-0: Ball
3-0: Called Strike
3-1: Called Strike
3-2: Foul Ball, location: 2F
3-2: Base on Balls
Batting: RHB Dustin Bursell 0-0: Ball
1-0: Ball
2-0: Foul Ball, location: 2F
2-1: Swinging Strike
2-2: SINGLE (Groundball, 56D, EV 105.0 MPH)
Duda Pinho to second
Batting: RHB Alex Duarte 0-0: Swinging Strike
0-1: Ball
1-1: Ball
2-1: Swinging Strike
2-2: Strikes out swinging
Batting: RHB Jorge Lebron 0-0: Ball
Wild Pitch!
Duda Pinho to third
Dustin Bursell to second
1-0: Called Strike
1-1: Foul Ball, location: 2F
1-2: 3-RUN HOME RUN (Line Drive, 7D, EV 98.8 MPH), Distance : 390 ft
Batting: LHB Simon Barry 0-0: Called Strike
0-1: Ball
1-1: Foul Ball, location: 2F
1-2: Foul Ball, location: 2F
1-2: Strikes out swinging
Batting: RHB Carlos Avila 0-0: Foul Ball, location: 2F
0-1: Ball
1-1: Ball
2-1: Ball
3-1: Foul Ball, location: 2F
3-2: Strikes out swinging
Bottom of the 1st over - 3 runs, 2 hits, 0 errors, 0 left on base; Chester 0 - Detroit 3
TOP OF THE 2ND
Chester Pirates batting - Pitching for Detroit Red Wings : LHP Estêvão Cavadas
Batting: RHB Jason Rhodes 0-0: Ball
1-0: Called Strike
1-1: Ball
2-1: Swinging Strike
2-2: Foul Ball, location: 2F
2-2: Foul Ball, location: 2F
2-2: Foul Ball, location: 2F
2-2: Foul Ball, location: 2F
2-2: Ball
3-2: Strikes out swinging
Batting: LHB Ernesto Gasca 0-0: Ball
1-0: Ball
2-0: SOLO HOME RUN (Flyball, 7LD, EV 97.5 MPH), Distance : 367 ft
Batting: RHB Hugo Montemayor 0-0: Fly out, F9 (Line Drive, 9, EV 99.4 MPH)
Batting: RHB Joe Stepnowski 0-0: Called Strike
0-1: Called Strike
0-2: Foul Ball, location: 2F
0-2: Strikes out looking
Top of the 2nd over - 1 run, 1 hit, 0 errors, 0 left on base; Chester 1 - Detroit 3
BOTTOM OF THE 2ND
Detroit Red Wings batting - Pitching for Chester Pirates : LHP Tommy Tallent
Batting: LHB Jose Peralez 0-0: Ball
1-0: Ground out 6-3 (Groundball, 4M, EV 83.8 MPH)
Batting: RHB Cody Kafer 0-0: Called Strike
0-1: Swinging Strike
0-2: Foul Ball, location: 2F
0-2: Foul Ball, location: 2F
0-2: Fly out, F8 (Flyball, 8RD, EV 95.0 MPH)
Batting: SHB Franklin Garza 0-0: Ball
1-0: Called Strike
1-1: Fly out, F7 (Flyball, 78M, EV 93.8 MPH)
Bottom of the 2nd over - 0 runs, 0 hits, 0 errors, 0 left on base; Chester 1 - Detroit 3
TOP OF THE 3RD
Chester Pirates batting - Pitching for Detroit Red Wings : LHP Estêvão Cavadas
Batting: RHB Zachery Loomis 0-0: Called Strike
0-1: Ball
1-1: Called Strike
1-2: Foul Ball, location: 2F
1-2: Foul Ball, location: 2F
1-2: Fly out, F8 (Flyball, 89D, EV 106.9 MPH)
Batting: LHB Tommie Benefield 0-0: Foul Ball, location: 2F
0-1: Fly out, F6 (Popup, P, EV 64.4 MPH)
Batting: RHB Edwardo Tanchez 0-0: Ball
1-0: Foul Ball, location: 2F
1-1: Ball
2-1: Ground out 4-3 (Groundball, 4M, EV 105.0 MPH)
Top of the 3rd over - 0 runs, 0 hits, 0 errors, 0 left on base; Chester 1 - Detroit 3
BOTTOM OF THE 3RD
Detroit Red Wings batting - Pitching for Chester Pirates : LHP Tommy Tallent
Batting: LHB Duda Pinho 0-0: Swinging Strike
0-1: Ball
1-1: Swinging Strike
1-2: Ground out U3 (Groundball, 3, EV 110.6 MPH)
Batting: RHB Dustin Bursell 0-0: Called Strike
0-1: Ball
1-1: Called Strike
1-2: Ball
2-2: Foul Ball, location: 2F
2-2: Strikes out looking
Batting: RHB Alex Duarte 0-0: SINGLE (Line Drive, 7LS, EV 106.2 MPH)
Batting: RHB Jorge Lebron 0-0: Ball
1-0: Ball
2-0: Ball
3-0: Base on Balls
Alex Duarte to second
Batting: LHB Simon Barry 0-0: Fielders Choice at 2nd, 5-4 (Groundball, 5L, EV 81.2 MPH)
Bottom of the 3rd over - 0 runs, 1 hit, 0 errors, 2 left on base; Chester 1 - Detroit 3
TOP OF THE 4TH
Chester Pirates batting - Pitching for Detroit Red Wings : LHP Estêvão Cavadas
Batting: SHB Mike Corley 0-0: Ball
1-0: Ground out 6-3 (Groundball, 6, EV 88.8 MPH)
Batting: RHB Zach Chmieleski 0-0: Ball
1-0: Swinging Strike
1-1: Foul Ball, location: 2F
1-2: Ball
2-2: Ball
3-2: Foul Ball, location: 2F
3-2: Foul Ball, location: 2F
3-2: SOLO HOME RUN (Flyball, 9D, EV 99.4 MPH), Distance : 392 ft
Batting: RHB Jason Rhodes 0-0: Fly out, F8 (Line Drive, 8LM, EV 100.0 MPH)
Batting: LHB Ernesto Gasca 0-0: Foul Ball, location: 2F
0-1: Ball
1-1: Ball
2-1: Foul Ball, location: 2F
2-2: Ball
3-2: Fly out, F8 (Flyball, 8RM, EV 84.4 MPH)
Top of the 4th over - 1 run, 1 hit, 0 errors, 0 left on base; Chester 2 - Detroit 3
BOTTOM OF THE 4TH
Detroit Red Wings batting - Pitching for Chester Pirates : LHP Tommy Tallent
Batting: RHB Carlos Avila 0-0: Fly out, F8 (Flyball, 89D, EV 101.2 MPH)
Batting: LHB Jose Peralez 0-0: Swinging Strike
0-1: Swinging Strike
0-2: Strikes out looking
Batting: RHB Cody Kafer 0-0: Ball
1-0: Ball
2-0: DOUBLE (Line Drive, 89D, EV 111.2 MPH)
Batting: SHB Franklin Garza 0-0: Fly out, F9 (Line Drive, 9, EV 103.8 MPH)
Bottom of the 4th over - 0 runs, 1 hit, 0 errors, 1 left on base; Chester 2 - Detroit 3
TOP OF THE 5TH
Chester Pirates batting - Pitching for Detroit Red Wings : LHP Estêvão Cavadas
Batting: RHB Hugo Montemayor 0-0: Ball
1-0: Foul Ball, location: 2F
1-1: Ball
2-1: Swinging Strike
2-2: Ball
3-2: Strikes out swinging
Batting: RHB Joe Stepnowski 0-0: Called Strike
0-1: Ball
1-1: Foul Ball, location: 2F
1-2: Strikes out swinging
Batting: RHB Zachery Loomis 0-0: Ground out 6-3 (Groundball, 6, EV 101.2 MPH)
Top of the 5th over - 0 runs, 0 hits, 0 errors, 0 left on base; Chester 2 - Detroit 3
BOTTOM OF THE 5TH
Detroit Red Wings batting - Pitching for Chester Pirates : LHP Tommy Tallent
Batting: LHB Duda Pinho 0-0: Ball
1-0: Called Strike
1-1: Called Strike
1-2: Ball
2-2: Strikes out swinging
Batting: RHB Dustin Bursell 0-0: Ball
1-0: Foul Ball, location: 2F
1-1: Foul Ball, location: 2F
1-2: Ball
2-2: Foul Ball, location: 2F
2-2: Strikes out swinging
Batting: RHB Alex Duarte 0-0: Ball
1-0: Foul Ball, location: 2F
1-1: Fly out, F7 (Line Drive, 7, EV 103.8 MPH)
Bottom of the 5th over - 0 runs, 0 hits, 0 errors, 0 left on base; Chester 2 - Detroit 3
TOP OF THE 6TH
Chester Pirates batting - Pitching for Detroit Red Wings : LHP Estêvão Cavadas
Batting: LHB Tommie Benefield 0-0: Called Strike
0-1: Called Strike
0-2: Ball
1-2: Foul Ball, location: 2F
1-2: Ball
2-2: Strikes out swinging
Batting: RHB Edwardo Tanchez 0-0: Ball
1-0: Swinging Strike
1-1: Ball
2-1: Ball
3-1: Swinging Strike
3-2: SINGLE (Line Drive, 5D, EV 97.5 MPH)
Batting: SHB Mike Corley 0-0: Ball
1-0: Ball
2-0: Ball
3-0: Called Strike
3-1: Fielders Choice at 2nd, 6-4 (Groundball, 6, EV 87.5 MPH)
Now at 2B: Ryan Adams
Batting: RHB Zach Chmieleski 0-0: Foul Ball, location: 2F
0-1: Ball
1-1: Foul Ball, location: 2F
1-2: Fielders Choice at 2nd, U4 (Groundball, 6MD, EV 98.8 MPH)
Top of the 6th over - 0 runs, 1 hit, 0 errors, 1 left on base; Chester 2 - Detroit 3
BOTTOM OF THE 6TH
Detroit Red Wings batting - Pitching for Chester Pirates : LHP Tommy Tallent
Pitching: LHP Francisco Mendoza
Batting: RHB Jorge Lebron 0-0: Ball
1-0: Foul Ball, location: 2F
1-1: Swinging Strike
1-2: Strikes out swinging
Batting: LHB Simon Barry 0-0: Swinging Strike
0-1: Ball
1-1: Foul Ball, location: 2F
1-2: Ball
2-2: Foul Ball, location: 2F
2-2: Fly out, F7 (Flyball, 7LM, EV 95.0 MPH)
Batting: LHB Ryan Adams 0-0: Foul Ball, location: 2F
0-1: Ball
1-1: Ball
2-1: Foul Ball, location: 2F
2-2: Ball
3-2: Foul Ball, location: 2F
3-2: SINGLE (Groundball, 6MD, EV 99.4 MPH)
Batting: LHB Jose Peralez 0-0: Ball
1-0: Ground out 4-3 (Groundball, 34D, EV 86.9 MPH)
Bottom of the 6th over - 0 runs, 1 hit, 0 errors, 1 left on base; Chester 2 - Detroit 3
TOP OF THE 7TH
Chester Pirates batting - Pitching for Detroit Red Wings : LHP Estêvão Cavadas
Batting: RHB Jason Rhodes 0-0: TRIPLE (Line Drive, 89XD, EV 102.5 MPH)
Batting: RHB Oscar Mora 0-0: Ball
1-0: Ground out 3-1 (Groundball, 3L, EV 103.1 MPH)
Batting: RHB Hugo Montemayor 0-0: Called Strike
0-1: Ball
1-1: Ground out 6-3 (Groundball, 56, EV 88.8 MPH)
Batting: RHB Joe Stepnowski 0-0: Swinging Strike
0-1: Ball
1-1: Swinging Strike
1-2: Strikes out swinging
Top of the 7th over - 0 runs, 1 hit, 0 errors, 1 left on base; Chester 2 - Detroit 3
BOTTOM OF THE 7TH
Detroit Red Wings batting - Pitching for Chester Pirates : LHP Francisco Mendoza
Batting: RHB Cody Kafer 0-0: Ball
1-0: Called Strike
1-1: Foul Ball, location: 2F
1-2: Ball
2-2: Strikes out looking
Batting: SHB Franklin Garza 0-0: Ball
1-0: Called Strike
1-1: Ball
2-1: Ball
3-1: Base on Balls
Batting: LHB Duda Pinho 0-0: Ball
1-0: Called Strike
1-1: Ball
2-1: Fly out, F9 (Line Drive, 9D, EV 92.5 MPH)
Batting: RHB Dustin Bursell 0-0: Ball
1-0: Called Strike
1-1: Ball
2-1: Ball
3-1: Base on Balls
Franklin Garza to second
Pitching: RHP Bill Gomez
Batting: RHB Alex Duarte 0-0: Ball
1-0: Foul Ball, location: 2F
1-1: Foul Ball, location: 2F
1-2: Strikes out swinging
Bottom of the 7th over - 0 runs, 0 hits, 0 errors, 2 left on base; Chester 2 - Detroit 3
TOP OF THE 8TH
Chester Pirates batting - Pitching for Detroit Red Wings : LHP Estêvão Cavadas
Pitching: RHP Nick Brooks
Pinch Hitting: RHB Rafael Galicia 0-0: Ball
1-0: Ball
2-0: Foul Ball, location: 2F
2-1: Called Strike
2-2: Ball
3-2: Base on Balls
Batting: LHB Tommie Benefield 0-0: Called Strike
0-1: Foul Ball, location: 2F
0-2: Ball
1-2: Ball
2-2: Foul Ball, location: 2F
2-2: Foul Ball, location: 2F
2-2: Ball
3-2: Strikes out swinging
Batting: RHB Edwardo Tanchez 0-0: Called Strike
0-1: Foul Ball, location: 2F
0-2: Ball
1-2: Foul Ball, location: 2F
1-2: Strikes out looking
Batting: SHB Mike Corley 0-0: Foul Ball, location: 2F
0-1: Foul Ball, location: 2F
0-2: Foul Ball, location: 2F
0-2: Hit by Pitch
Rafael Galicia to second
Batting: RHB Zach Chmieleski 0-0: Called Strike
0-1: Foul Ball, location: 2F
0-2: Strikes out swinging
Top of the 8th over - 0 runs, 0 hits, 0 errors, 2 left on base; Chester 2 - Detroit 3
BOTTOM OF THE 8TH
Detroit Red Wings batting - Pitching for Chester Pirates : RHP Bill Gomez
Now at 3B: Rafael Galicia
Batting: RHB Jorge Lebron 0-0: Ball
1-0: Ball
2-0: Ground out 4-3 (Groundball, P, EV 88.8 MPH)
Pitching: RHP Tomas Cavazos
Batting: LHB Simon Barry 0-0: Ball
1-0: Fly out, F8 (Flyball, 8RM, EV 89.4 MPH)
Batting: LHB Ryan Adams 0-0: Called Strike
0-1: Ball
1-1: Foul Ball, location: 2F
1-2: Ball
2-2: Ball
3-2: Foul Ball, location: 2F
3-2: Fly out, F8 (Line Drive, 8LM, EV 87.5 MPH)
Bottom of the 8th over - 0 runs, 0 hits, 0 errors, 0 left on base; Chester 2 - Detroit 3
TOP OF THE 9TH
Chester Pirates batting - Pitching for Detroit Red Wings : RHP Nick Brooks
Pitching: RHP Edwin Marquez
Now in LF: John Barton
Now in CF: António Scarlett
Now in RF: Duda Pinho
Batting: RHB Jason Rhodes 0-0: Ball
1-0: Swinging Strike
1-1: Ball
2-1: Foul Ball, location: 2F
2-2: Foul Ball, location: 2F
2-2: Ball
3-2: Ground out 4-3 (Groundball, 4, EV 76.9 MPH)
Batting: RHB Oscar Mora 0-0: SINGLE (Line Drive, 9LM, EV 101.9 MPH)
Batting: RHB Hugo Montemayor 0-0: Called Strike
0-1: Swinging Strike
0-2: Ball
1-2: Strikes out swinging
Pinch Hitting: LHB Sean Driscoll 0-0: Called Strike
0-1: Ball
1-1: Ground out 4-3 (Groundball, 4, EV 84.4 MPH)
Top of the 9th over - 0 runs, 1 hit, 0 errors, 1 left on base; Chester 2 - Detroit 3
Tuesday, March 28th , 2023 - OOTP Baseball 23.10 Build 110